 Dungeon Crawl Stone Soup version 0.20-a0-433-g9e36e56 (webtiles) character file.

5390 hairmachine the Carver (level 10, -2/80 HPs)
             Began as a Human Fighter on Jan 3, 2017.
             Was a Priest of Yredelemnul.
             Slain by an orc warrior
             ... wielding a +0 long sword
              (30 damage)
             ... on level 7 of the Dungeon.
             The game lasted 00:50:23 (15343 turns).

hairmachine the Carver (Human Fighter)             Turns: 15343, Time: 00:50:25

Health: -2/80      AC:  8    Str: 19    XL:     10   Next: 98%
Magic:  11/11      EV: 10    Int: 11    God:    Yredelemnul [***...]
Gold:   317        SH: 10    Dex: 14    Spells: 9/9 levels left

rFire  + . .     SeeInvis .     D - -2 falchion (curse)
rCold  + . .     Gourm    .     b - +0 scale mail
rNeg   . . .     Faith    .     c - +0 shield
rPois  +         Spirit   .     o - +1 helmet
rElec  +         Reflect  .     h - +0 cloak
rCorr  +         Harm     .     (no gloves)
MR     .....                    (no boots)
Stlth  ..........               (no amulet)
                                p - ring of poison resistance {rP+, !d}
                                g - +3 ring of intelligence

@: resistant, drained
A: deformed body
a: Recall Undead Slaves, Injury Mirror, Animate Dead, Renounce Religion


You were on level 7 of the Dungeon.
You worshipped Yredelemnul.
Yredelemnul was most pleased with you.
You were near starving.

You visited 2 branches of the dungeon, and saw 9 of its levels.

You collected 317 gold pieces.


Innate Abilities, Weirdness & Mutations

Armour fits poorly on your strangely shaped body.


   Skills:
 + Level 7.9 Fighting
 + Level 10.7 Long Blades
 - Level 6.0 Armour
 - Level 4.1 Dodging
 + Level 5.7(5.6) Shields
 + Level 2.1 Invocations


You had 9 spell levels left.
You didn't know any spells.

Inventory:

Hand Weapons
 x - a +3 scimitar
   (You took it off a wight on level 7 of the Dungeon)
 y - a +1 dagger of draining
   (You took it off an orc on level 7 of the Dungeon)
 z - a +0 scimitar
   (You found it on level 6 of the Dungeon)
 D - a cursed -2 falchion (weapon)
   (You took it off a wight on level 7 of the Dungeon)
Armour
 b - a +0 scale mail (worn)
 c - a +0 shield (worn)
 e - a +0 chain mail
   (You found it on level 2 of the Dungeon)
 h - a +0 cloak (worn)
   (You found it on level 2 of the Dungeon)
 n - a +0 plate armour
   (You found it on level 1 of the Dungeon)
 o - a +1 helmet (worn)
   (You took it off Robin on level 3 of the Dungeon)
Jewellery
 g - a +3 ring of intelligence (left hand)
   (You found it on level 2 of the Dungeon)
 p - a ring of poison resistance (right hand) {rP+, !d}
   (You found it on level 1 of the Dungeon)
Wands
 l - a wand of iceblast (3/15)
   (You found it on level 5 of the Dungeon)
 t - a wand of flame (22/48)
   (You took it off Robin on level 3 of the Dungeon)
 w - a wand of iceblast (8/15)
   (You found it on level 7 of the Dungeon)
 A - a wand of random effects (28/48)
   (You took it off Eustachio on level 6 of the Dungeon)
 B - a wand of scattershot (5/9)
   (You found it on level 6 of the Dungeon)
Scrolls
 j - 2 scrolls of enchant weapon {!r}
 q - 2 scrolls of identify {!r}
 s - 2 scrolls of enchant armour {!r}
Comestibles
 f - 7 bread rations
 k - 2 beef jerkies
 m - 5 fruits
 r - 8 slices of pizza
 v - 5 meat rations

Dungeon Overview and Level Annotations

Branches:
Dungeon (8/15)             Temple (1/1) D:4
   Lair: D:8-11

Altars:
Dithmenos
Fedhas
Hepliaklqana
Kikubaaqudgha
Nemelex Xobeh
Okawaru
Ru
Sif Muna
Trog
Xom
Yredelemnul
Zin
The Shining One

Annotations:
D:2 exclusion: downstairs
D:3 exclusion: 3 downstairs
D:4 removeelyvilon's ghost, amateur DrTm
D:5 exclusion: downstairs
D:6 exclusion: downstairs
D:7 exclusions: downstairs and oklob plant, Psyche
D:8 Uhlv's ghost, novice MfSk

....##.#.#########
............).)@@#
....##.##.####.#o#
....##.#<....#.#Z#
######.#...#.#.#Z#
#.##.##.#.#Z###
#.....#...#...#
#.....#######.# ###
#..ZZ.......#.# ..#
#....######.#.# #.##
#.........#...# #..#
#.........#########
##.###.[...........Z...#
#..##.........#######.#
###.##...Z.....# #.#
.##.#....Z.##### #.#
.........Z.# #.#


You could see Psyche, an orc warrior, a friendly killer bee zombie, a friendly
orc zombie and the friendly Maurice the human zombie.


Message History

a short sword; a cloak; the human corpse of Maurice You call on the dead to rise...
The dead are walking!
You are near starving!
Things that are here:
a plate armour; a trident
There is a stone staircase leading down, spattered with blood here.
You climb downwards.
Your mindless thrall stays behind.
Level annotation: Psyche; Uhlv's ghost, novice MfSk Psyche hits you but does no damage.
You are electrocuted!
The orc warrior closely misses you.
You riposte.
You barely miss the orc warrior. You block Psyche's attack.
There is a stone staircase leading up, spattered with blood here.
Damage: -13%(-11hp) hp: 82%(65hp)
You block the orc warrior's attack. You block Psyche's attack.
You block the centaur zombie's attack.
You climb upwards.
Level annotation: exclusions: downstairs and oklob plant Your orc zombie barely misses the orc warrior.
There is a stone staircase leading down, spattered with blood here.
You barely miss the orc warrior.
The orc warrior drinks a potion.
The orc warrior seems to grow stronger.
Psyche closely misses your orc wizard zombie.
Your orc zombie barely misses the orc warrior.
You hit the orc warrior.
The orc warrior is lightly wounded.
Your orc wizard zombie hits the orc warrior but does no damage.
Psyche hits your orc wizard zombie with a dagger of chaos.
Your orc wizard zombie is destroyed!
The orc warrior hits you with a long sword!
* * * LOW HITPOINT WARNING * * *
Damage: -14%(-11hp) hp: 69%(55hp)
You hit the orc warrior but do no damage.
The orc warrior is lightly wounded.
Your orc zombie hits the orc warrior but does no damage.
Psyche looks braver for a moment.
You slash the orc warrior!
The orc warrior is moderately wounded.
The orc warrior hits you with a long sword!!
* * * LOW HITPOINT WARNING * * *
Your orc zombie hits the orc warrior but does no damage.
Huge Dmg: -30%(-24hp) hp: 39%(31hp)
You hit Psyche.
Psyche is lightly wounded.
Psyche barely misses you. You block the orc warrior's attack.
Unknown command.
Really quaff
u - a potion of heal wounds {!q}?
You feel much better.
Psyche gestures wildly while chanting.
Psyche seems to speed up.
Your orc zombie barely misses the orc warrior.
The orc warrior hits you with a long sword!
* * * LOW HITPOINT WARNING * * *
Really quaff
d - a potion of resistance {!q}?
You feel protected. Psyche barely misses you.
You riposte.
You hit Psyche but do no damage.
Psyche is lightly wounded.
Psyche casts a spell at you. The magic dart hits you!
* * * LOW HITPOINT WARNING * * *
Your orc zombie hits the orc warrior but does no damage.
Damage: -1%(-1hp) hp: 52%(41hp)
You barely miss Psyche.
Psyche is lightly wounded.
Psyche hits you but does no damage.
The orc warrior hits you with a long sword.
* * * LOW HITPOINT WARNING * * *
Psyche casts a spell at you. The puff of flame hits you! You resist.
Damage: -7%(-5hp) hp: 45%(36hp)
You slash the orc warrior!
The orc warrior is severely wounded.
Psyche gestures at you while chanting. The puff of flame hits you! You resist.
* * * LOW HITPOINT WARNING * * *
Your orc zombie barely misses the orc warrior.
You block the orc warrior's attack.
Damage: -2%(-2hp) hp: 43%(34hp)
You slash the orc warrior!
The orc warrior is almost dead.
Psyche hits you but does no damage. Psyche hits you with a dagger of chaos.
* * * LOW HITPOINT WARNING * * *
Psyche draws strength from your wounds!
Damage: -5%(-4hp) hp: 38%(30hp) Unknown command.
You hit the orc warrior.
The orc warrior is almost dead.
You block Psyche's attack.
The orc warrior hits you with a long sword!
* * * LOW HITPOINT WARNING * * *
Your orc zombie hits the orc warrior but does no damage.
You block Psyche's attack.
Huge Dmg: -16%(-13hp) hp: 22%(17hp) Really quaff
a - a potion of curing {!q}?
You feel better.
Psyche casts a spell.
The orc warrior hits you with a long sword!!
You die...
Your body rises from the dead as a mindless zombie.

Vault maps used:
D:1:      shiori_shiawase, minmay_misc_feat_pillars
D:2:      minitemple, first_bread, minmay_misc_feat_five,
          nicolae_tso_swordbearing_angel
D:3:      chequers_ecumenical_altar_island, xom_teletrap_fun, uniq_robin,
          uniq_jessica
D:4:      okawaru_gym_becter
D:5:      marbit_many_paths, basic_altar, minmay_misc_feat_encased,
          uniq_blork_the_orc
D:6:      old_standard_altar, grunt_ministairs_3, uniq_pikel, uniq_grinder,
          uniq_edmund, uniq_eustachio
D:7:      lemuel_slime, grunt_livestock
D:8:      grunt_qazlal_clouds, uniq_psyche, uniq_maurice
Temple:   nicolae_temple_figure_eight

Notes
Turn   | Place    | Note
-------+----------+-------------------------------------------
     0 | D:1      | hairmachine the Human Fighter began the quest for the Orb.
     0 | D:1      | Reached XP level 1. HP: 18/18 MP: 1/1
   179 | D:1      | Reached XP level 2. HP: 21/24 MP: 2/2
   325 | D:1      | Reached skill level 3 in Long Blades
   374 | D:1      | Reached XP level 3. HP: 27/29 MP: 3/3
  1209 | D:2      | Found a glowing golden altar of the Shining One.
  1375 | D:2      | Reached XP level 4. HP: 33/35 MP: 4/4
  1442 | D:2      | Reached skill level 4 in Long Blades
  1469 | D:2      | Found a bloodstained altar of Trog.
  1638 | D:2      | Found an iron altar of Okawaru.
  1638 | D:2      | Found a glowing silver altar of Zin.
  1638 | D:2      | Found a deep blue altar of Sif Muna.
  1640 | D:2      | Found an ancient bone altar of Kikubaaqudgha.
  1644 | D:2      | Found a shadowy altar of Dithmenos.
  1878 | D:3      | Noticed Robin
  1896 | D:2      | Gained mutation: You are clumsy. (Dex -2) [potion of mutation]
  1896 | D:2      | Gained mutation: Armour fits poorly on your strangely shaped body. [potion of mutation]
  1896 | D:2      | Lost mutation: You are clumsy. (Dex -2) [potion of mutation]
  2457 | D:3      | Reached XP level 5. HP: 19/41 MP: 5/5
  2691 | D:3      | Reached skill level 5 in Long Blades
  2782 | D:3      | Noticed Jessica
  2793 | D:3      | Killed Jessica
  3069 | D:3      | Found a faded altar of an unknown god.
  3309 | D:3      | Found a shimmering altar of Xom.
  3671 | D:3      | Killed Robin
  3671 | D:3      | Reached XP level 6. HP: 36/47 MP: 6/6
  3871 | D:3      | Reached skill level 6 in Long Blades
  4116 | D:4      | Found a staircase to the Ecumenical Temple.
  4116 | D:4      | Noticed removeelyvilon's ghost (amateur DrTm)
  5042 | D:4      | Noticed an ogre
  5323 | D:3      | Reached skill level 7 in Long Blades
  5323 | D:3      | Reached XP level 7. HP: 49/52 MP: 7/7
  5353 | Temple   | Entered the Ecumenical Temple
  5476 | Temple   | Became a worshipper of Yredelemnul the Dark
  6896 | D:5      | Entered Level 5 of the Dungeon
  7025 | D:5      | Found a sacrificial altar of Ru.
  7106 | D:5      | Noticed Blork the orc
  7127 | D:5      | Killed Blork the orc
  7140 | D:5      | Reached skill level 8 in Long Blades
  7540 | D:5      | Reached XP level 8. HP: 48/58 MP: 8/8
  8237 | D:5      | Found a glowing golden altar of the Shining One.
  8380 | D:6      | Noticed Grinder
  8492 | D:6      | Noticed Eustachio
  8511 | D:6      | Killed Eustachio
  8585 | D:6      | Found a sparkling altar of Nemelex Xobeh.
  8598 | D:6      | Noticed Edmund
  8652 | D:5      | Killed Edmund
  8746 | D:6      | Paralysed by Grinder for 6 turns
  8762 | D:6      | Killed Grinder
  8762 | D:6      | Reached skill level 5 in Fighting
  8762 | D:6      | Reached skill level 9 in Long Blades
  8836 | D:6      | Reached XP level 9. HP: 62/68 MP: 9/9
  8879 | D:6      | Reached skill level 5 in Armour
  8956 | D:6      | Noticed Pikel
  9582 | D:6      | Killed Pikel
  9938 | D:6      | Reached * piety under Yredelemnul
 10621 | D:7      | Reached skill level 1 in Dodging
 11077 | D:7      | Reached skill level 10 in Long Blades
 11077 | D:7      | Reached XP level 10. HP: 75/77 MP: 10/10
 11524 | D:7      | Noticed an oklob plant
 11679 | D:7      | Reached ** piety under Yredelemnul
 12690 | D:8      | Noticed Psyche
 12979 | D:6      | Reached skill level 5 in Shields
 13359 | D:4      | Found an iron altar of Okawaru.
 14019 | D:8      | Noticed Uhlv's ghost (novice MfSk)
 14055 | D:7      | Reached *** piety under Yredelemnul
 14390 | D:7      | Reached skill level 1 in Invocations
 15090 | D:8      | Noticed Maurice
 15322 | D:7      | Killed Maurice
 15343 | D:7      | Slain by an orc warrior

Vanquished Creatures
  Pikel (D:6)
  Grinder (D:6)
  Eustachio (D:6)
  4 hogs (D:7)
  A human (D:7)
  Edmund (D:5)
  3 slaves
  4 orc warriors
  A phantom (D:7)
  5 ogres
  Blork the orc (D:5)
  7 bullfrogs
  4 scorpions
  A killer bee (D:7)
  6 wights (D:7)
  3 howler monkeys
  2 crimson imps
  A bullfrog zombie (D:5)
  4 orc priests
  6 jellies (D:7)
  7 hounds
  2 bullfrog skeletons
  Jessica (D:3)
  4 orc wizards
  7 worker ants
  A hound zombie (D:5)
  2 hound skeletons
  2 worker ant zombies
  Robin (D:3)
  15 adders
  A shadow imp (D:7)
  13 oozes
  A worm (D:3)
  2 dart slugs
  6 leopard geckos
  36 orcs
  6 giant cockroaches
  15 goblins
  8 hobgoblins
  6 jackals (D:3)
  9 kobolds
  3 quokkas (D:3)
  14 bats
  7 frilled lizards
  A leopard gecko skeleton (D:5)
  A quokka skeleton (D:3)
  6 rats
234 creatures vanquished.

Vanquished Creatures (collateral kills)
  Maurice (D:7)
  An ice beast (D:7)
  An eye of draining (D:7)
  2 killer bees (D:7)
  2 wights (D:7)
  2 howler monkeys (D:7)
  A bullfrog zombie (D:7)
  A hound (D:7)
  2 jellies (D:7)
  2 orc wizards (D:7)
  2 oozes (D:7)
  3 orcs
  A quokka (D:7)
21 creatures vanquished.

Vanquished Creatures (others)
  A hog skeleton (D:7)
  An ogre zombie (D:7)
  A hound zombie (D:7)
  2 howler monkey zombies (D:7)
  A scorpion zombie (D:7)
  5 orc zombies (D:7)
  A quokka zombie (D:7)
  5 fungi (D:7)
17 creatures vanquished.

Grand Total: 272 creatures vanquished

Action                   |  1- 3 |  4- 6 |  7- 9 | 10-12 || total
-------------------------+-------+-------+-------+-------++-------
Melee: Long sword        |   116 |   289 |   306 |       ||   711
       Scimitar          |       |       |    91 |   113 ||   204
       Falchion          |       |       |       |   379 ||   379
Throw: Stone             |     5 |     4 |       |       ||     9
Invok: Animate Remains   |       |       |       |     7 ||     7
       Animate Dead      |       |       |       |     5 ||     5
Evoke: Wand              |       |       |     6 |       ||     6
  Use: Potion            |       |     4 |     7 |     6 ||    17
       Scroll            |       |     2 |    11 |     2 ||    15
 Stab: Invisible         |       |       |     1 |       ||     1
       Distracted        |       |       |       |     3 ||     3
  Eat: Chunk             |     2 |    13 |    14 |     3 ||    32
       Bread ration      |       |       |     1 |     3 ||     4
Armor: Scale mail        |    52 |   107 |    80 |    98 ||   337
       Plate armour      |       |       |    27 |       ||    27
Dodge: Dodged            |    32 |    64 |    86 |   157 ||   339
Block: Shield            |    66 |   159 |   138 |   189 ||   552
       Rpst.: Long sword |     7 |    22 |    32 |       ||    61
       Scimitar          |       |       |     3 |     5 ||     8
       Falchion          |       |       |       |    39 ||    39

Skill      XL: |  1  2  3  4  5  6  7  8  9 10 |
---------------+-------------------------------+-----
Long Blades    | 3 4 5 7 8 9 10 | 10.7
Fighting       | 5 6 7 |  7.9
Armour         | 4 6 |  6.0
Dodging        | 2 4 |  4.1
Shields        | 5 |  5.7
Invocations    | 2 |  2.1
